 Dungeon Crawl Stone Soup version 0.30-a0-862-g1aabd4f9c5 (webtiles) character file.

Game seed: 318597569305533671

79 Pimp the Insei (level 4, 0/43 HPs)
             Began as an Octopode Transmuter on Mar 9, 2023.
             Slain by an adder (3 damage)
             ... on level 3 of the Dungeon.
             The game lasted 00:03:00 (1483 turns).

Pimp the Insei (Octopode Transmuter)                Turns: 1483, Time: 00:03:01

Health: 0/43       AC: 22    Str:  9    XL:     4   Next: 38%
Magic:  7/7        EV:  2    Int: 15    God:
Gold:   80         SH:  0    Dex: 14    Spells: 7/8 levels left

rFire   . . .      SeeInvis .      - Unarmed
rCold   . . .      Faith    .    (no shield)
rNeg    . . .      Spirit   .    (helmet currently unavailable)
rPois   +          Reflect  .    (no amulet)
rElec   .          Rampage  .    (no ring)
rCorr   .          NoTele   +    (no ring)
Will    .....                    (no ring)
Stlth   +                        (no ring)
HPRegen 0.27/turn                (no ring)
MPRegen 0.10/turn                (no ring)
                                 (no ring)
                                 (no ring)

@: tree-form
A: stationary, stasis, torment immunity, boosted hp, almost no armour,
(amphibious), 8 rings, (camouflage 1), (gelatinous body 1), (nimble swimmer 1),
(tentacles), (iridescent scales 1), screaming 1
a: no special abilities


You were on level 3 of the Dungeon.
You were a tree.
You visited 1 branch of the dungeon, and saw 3 of its levels.

You collected 80 gold pieces.

Inventory:

Jewellery
 e - a ring of flight
Scrolls
 c - 2 scrolls of identify {unknown}
 f - a scroll of amnesia {unknown}
 g - a scroll of noise {unknown}


   Skills:
 + Level 1.9 Fighting
 + Level 2.6 Dodging
 + Level 3.4 Unarmed Combat
 + Level 2.5 Spellcasting
 + Level 2.6 Transmutations


You had 7 spell levels left.
You knew the following spells:

 Your Spells              Type           Power      Damage    Failure   Level
a - Beastly Appendage     Tmut           18%        N/A       7%          1

Your spell library contained the following spells:

 Spells                   Type           Power      Damage    Failure   Level
 Wereblood                Tmut           9%         N/A       11%         2
 Slow                     Hex            4%         N/A       22%         1
 Spider Form              Tmut/Pois      5%         N/A       36%         3
 Confusing Touch          Hex            1%         N/A       54%         3
 Vampiric Draining        Necr           1%         2d6       54%         3
 Ice Form                 Ice/Tmut       5%         N/A       77%         4


Dungeon Overview and Level Annotations

Branches:
Dungeon (3/15)

Altars:


Innate Abilities, Weirdness & Mutations

You are a tree.
Your roots penetrate the ground, keeping you stationary.
You cannot be teleported.
You are immune to unholy pain and torment.
Your maximum health is greatly increased.
You cannot wear most types of armour.
((You are amphibious.))
You can wear up to eight rings at the same time.
((Your skin changes colour to match your surroundings (Stealth+).))
((Your rubbery body absorbs attacks. (AC +1, EV +1)))
((You are camouflaged when in or above water. (Stealth+)))
((You have tentacles for arms and can constrict up to eight enemies at once.))
((You are partially covered in iridescent scales. (AC +2)))
You occasionally shout uncontrollably at your foes.


Message History

You squeeze the orc, but do no damage.
The orc is lightly wounded.
You constrict the orc. The adder closely misses you.
The orc hits you with a +0 short sword.
* * * LOW HITPOINT WARNING * * *
You tentacle-slap the orc.
You pierce the orc, but do no damage.
The orc is almost dead.
You constrict the orc.
You kill the orc!
The adder misses you.
You closely miss the adder. Your grab misses the adder.
Your tentacle spike misses the adder.
Your transformation is almost over.
The adder bites you.
* * * LOW HITPOINT WARNING * * *
You are poisoned.
The adder poisons you!
It was a potion of cancellation.
Your magical effects are unravelling.
You feel magically purged.
Your tentacle spike disappears.
You feel sick. The adder completely misses you. The adder closely misses you.
It was a potion of mutation.
You feel extremely strange.
You feel the urge to shout.
Iridescent scales grow over part of your body.
You feel sick. The adder closely misses you.
Really quaff the potion of lignification?
You turn into a tree.
Your roots penetrate the ground.
You feel sick. The adder bites you but does no damage.
You hit the adder.
The adder is heavily wounded.
You feel sick. The adder bites you but does no damage.
You hit the adder but do no damage.
The adder is heavily wounded.
You feel sick.
You are no longer poisoned.
The adder bites you.
* * * LOW HITPOINT WARNING * * *
The adder bites you.
You die...

......
....##
#######....
..........#
..........#
..........#
.......†..#
.......†)S#
........)♣#
.........<#
###########


You could see an adder.

Vanquished Creatures
  2 adders (D:2)
  2 dart slugs (D:1)
  3 orcs (D:3)
  3 ball pythons
  2 bats (D:1)
  5 endoplasms
  A giant cockroach (D:1)
  5 goblins
  8 hobgoblins
  3 jackals (D:3)
  4 quokkas
  3 frilled lizards
  4 kobolds
  4 rats
49 creatures vanquished.

Vanquished Creatures (others)
  11 plants (D:2)
11 creatures vanquished.

Grand Total: 60 creatures vanquished

Notes
Turn   | Place    | Note
-------+----------+-------------------------------------------
     0 | D:1      | Pimp the Octopode Transmuter began the quest for the Orb.
     0 | D:1      | Reached XP level 1. HP: 13/13 MP: 3/3
    60 | D:1      | Reached XP level 2. HP: 12/18 MP: 5/5
   449 | D:1      | Reached XP level 3. HP: 18/23 MP: 6/6
  1095 | D:2      | Reached XP level 4. HP: 29/29 MP: 7/7
  1290 | D:2      | Found a faded altar of an unknown god.
  1480 | D:3      | Gained mutation: You occasionally shout uncontrollably at
                  | your foes. [potion of mutation]
  1480 | D:3      | Gained mutation: You are partially covered in iridescent
                  | scales. (AC +2) [potion of mutation]
  1483 | D:3      | Slain by an adder

Illustrated notes

Levels and vault maps discovered:
D:1:      dpeg_arrival_rooms_with_view, layout_loops_ring, dk_noncrumbling_4
D:2:      layout_rooms, dilly_ecumenical_altar_fadedgnrine
D:3:      layout_basic, mainiacjoe_overflow_alcove_3

Action                     |  1- 3 |  4- 6 || total
---------------------------+-------+-------++-------
  Melee: Unarmed           |    78 |    36 ||   114
         Constrict         |    17 |    11 ||    28
         Tentacles         |    16 |    13 ||    29
         Punch             |     4 |       ||     4
         Kick              |       |     2 ||     2
   Cast: Beastly Appendage |       |     1 ||     1
    Use: Potion            |     1 |     6 ||     7
   Stab: Sleeping          |     8 |     1 ||     9
 Armour: Skin              |     6 |     5 ||    11
  Dodge: Dodged            |    45 |    43 ||    88

Table legend: (Time is in decaauts)
 A = Elapsed time spent in this place.
 B = Non-inter-level travel time spent in this place.
 C = Inter-level travel time spent in this place.
 D = Time resting spent in this place.
 E = Time spent auto-exploring this place.
 F = Levels seen in this place.
 G = Mean time per level.
                   A        B        C        D        E       F      G
               +--------+--------+--------+--------+--------+-----+--------+
         Total |   1476 |   1398 |     78 |    151 |    917 |   3 |  492.0 |
       Dungeon |   1476 |   1398 |     78 |    151 |    917 |   3 |  492.0 |
               +--------+--------+--------+--------+--------+-----+--------+

Top non-repeatable levels by time:
     D:1: 839 daAuts
     D:2: 608 daAuts
     D:3: 28 daAuts
